 Dungeon Crawl Stone Soup version 0.23-a0-481-g60b89c1 (webtiles) character file.

1935 MisterFreud the Magician (level 8, 0/41 HPs)
             Began as a Deep Elf Fire Elementalist on Nov 29, 2018.
             Engulfed by a cloud of flame (27 damage)
             ... on level 7 of the Dungeon.
             The game lasted 00:51:46 (8527 turns).

MisterFreud the Magician (DEFE)                     Turns: 8527, Time: 00:51:47

Health: 0/41       AC:  4    Str:  5    XL:     8   Next: 97%
Magic:  21/21      EV: 16    Int: 23    God:
Gold:   244        SH:  0    Dex: 15    Spells: 9/22 levels left

rFire    . . .     SeeInvis .   B - +5 rapier (flame)
rCold    . . .     Gourm    .   (no shield)
rNeg     . . .     Faith    .   a - +0 robe
rPois    .         Spirit   .   (no helmet)
rElec    .         Reflect  .   n - +1 cloak
rCorr    .         Harm     .   (no gloves)
MR       .....                  (no boots)
Stlth    ++........             (no amulet)
HPRegen  0.13/turn              v - +3 ring of slaying (curse)
MPRegen  0.17/turn              (no ring)

@: no status effects
A: no striking features
a: no special abilities


You were on level 7 of the Dungeon.
You were hungry.

You visited 2 branches of the dungeon, and saw 8 of its levels.

You collected 419 gold pieces.
You spent 175 gold pieces at shops.

Inventory:

Hand Weapons
 o - a +0 whip
 B - a +5 rapier of flaming (weapon)
Missiles
 b - 50 sling bullets
 d - a throwing net
 q - 198 stones (quivered)
 w - 28 bolts
 x - 124 arrows
 y - 9 poisoned needles
 z - 2 poisoned javelins
 A - 7 tomahawks
 I - 8 javelins
Armour
 a - a +0 robe (worn)
 n - a +1 cloak (worn)
Jewellery
 v - a cursed +3 ring of slaying (left hand)
 L - the amulet "Imosery" {Inacc rElec}
   (You found it on level 6 of the Dungeon)

   [amulet of inaccuracy]

   It reduces the accuracy of all your attacks.
   It insulates you from electricity.
Wands
 J - a wand of flame (18)
 K - a wand of digging (6)
Scrolls
 f - a scroll of fear
 k - 2 scrolls of blinking
 s - 3 scrolls of remove curse
 u - a scroll of enchant weapon
 C - a scroll of summoning
 D - a scroll of fog
 E - a scroll of teleportation
 G - 2 scrolls of magic mapping
Potions
 e - a potion of haste
 g - a potion of lignification
 h - a potion of magic
 i - a potion of berserk rage
 j - a potion of ambrosia
 l - a potion of invisibility
 m - 2 potions of might {unknown}
 p - 4 potions of curing
 r - a potion of degeneration {unknown}
 t - a potion of mutation {unknown}
 H - 2 potions of flight
 M - a potion of resistance {unknown}
Comestibles
 c - 9 rations


   Skills:
 - Level 6.0 Dodging
 - Level 2.5 Stealth
 + Level 7.9 Spellcasting
 + Level 7.3 Conjurations
 + Level 7.5 Fire Magic


You had 9 spell levels left.
You knew the following spells:

 Your Spells              Type           Power        Failure   Level  Hunger
a - Flame Tongue          Conj/Fire      #####        1%          1    None
b - Conjure Flame         Conj/Fire      #####...     1%          3    None
c - Sticky Flame          Conj/Fire      #####...     3%          4    ###....
d - Fireball              Conj/Fire      #####.....   9%          5    #####..

Your spell library contained the following spells:

 Spells                   Type           Power        Failure   Level  Hunger
 Throw Flame              Conj/Fire      #####.       1%          2    None
 Inner Flame              Hex/Fire       ####....     4%          3    None
 Animate Skeleton         Necr           N/A          7%          1    None
 Apportation              Tloc           #.....       7%          1    None
 Confusing Touch          Hex            #.....       7%          1    None
 Summon Small Mammal      Summ           #...         7%          1    None


Dungeon Overview and Level Annotations

Branches:
Dungeon (7/15)             Temple (1/1) D:4

Altars:
Cheibriados
Dithmenos
Elyvilon
Hepliaklqana
Kikubaaqudgha
Makhleb
Nemelex Xobeh
Okawaru
Qazlal
Ru
Sif Muna
Trog
Uskayaw
Vehumet
Wu Jian
Xom
Yredelemnul
Zin
The Shining One

Shops:
D:5 ?

Annotations:
D:6 exclusions: door and 2 more exclusions


Message History

c - 9 rations (gained 1)
Found a stone staircase leading down.
Found a radiant altar of Vehumet.
A jackal comes into view.
Casting: Flame Tongue (safe; 1% risk of failure)
Confirm with . or Enter, or press ? or * to list all spells.
Aiming: Flame Tongue (safe; 1% risk of failure)
Press: ? - help, Shift-Dir - straight line, f - jackal
Aim: a jackal (resting)
The flame tongue hits the jackal.
You kill the jackal!
Really walk into a travel-excluded area? [Y]es or [N]o only, please.
Really walk into a travel-excluded area?
Okay, then.
Really walk into a travel-excluded area?
You are engulfed in blazing flames.
You are engulfed in blazing flames.
Ouch! That really hurt!
You die...

## # .#.#
####.#.#
#....§.#
#.§.§..#
##.§@...#
####+#..§.§..##
#......§......#
#..(....†.....#
#......#####..#
#.....<.......#
##..........>$..
#####.#####.###
#.# #.#


There were no monsters in sight!

Vanquished Creatures
  Edmund (D:5)
  A hornet zombie (D:6)
  A black bear (D:6)
  An orc warrior (D:6)
  A phantom (D:4)
  An ice beast (D:6)
  A necrophage (D:5)
  2 ogres (D:6)
  2 bullfrogs (D:6)
  2 scorpions
  An electric eel (D:6)
  A howler monkey (D:5)
  A crimson imp (D:5)
  2 bullfrog zombies (D:5)
  A jelly (D:5)
  5 hounds
  2 orc priests
  A centaur skeleton (D:4)
  2 iguanas
  2 orc wizards
  4 worker ants
  A hound zombie (D:5)
  2 hound skeletons (D:5)
  10 adders
  A shadow imp (D:5)
  2 oozes
  An adder skeleton (D:5)
  2 worms (D:3)
  4 dart slugs
  7 leopard geckos
  15 orcs
  13 bats
  2 giant cockroaches
  7 hobgoblins
  5 jackals
  4 kobolds
  3 quokkas
  2 ball pythons
  4 frilled lizards
  A giant cockroach zombie (D:5)
  11 goblins
  A jackal skeleton (D:6)
  A leopard gecko zombie (D:5)
  9 rats
143 creatures vanquished.

Vanquished Creatures (others)
  3 jackals (D:7)
3 creatures vanquished.

Grand Total: 146 creatures vanquished

Notes
Turn   | Place    | Note
-------+----------+-------------------------------------------
     0 | D:1      | MisterFreud the Deep Elf Fire Elementalist began the quest
                  | for the Orb.
     0 | D:1      | Reached XP level 1. HP: 10/10 MP: 6/6
   217 | D:1      | Reached XP level 2. HP: 5/15 MP: 5/8
   792 | D:1      | Reached XP level 3. HP: 19/19 MP: 6/9
  1185 | D:2      | Learned a level 3 spell: Conjure Flame
  1360 | D:2      | Found a glowing golden altar of the Shining One.
  1693 | D:2      | Found a sparkling altar of Nemelex Xobeh.
  1693 | D:2      | Found an ornate altar of the Wu Jian Council.
  1998 | D:3      | Reached XP level 4. HP: 24/24 MP: 7/10
  2006 | D:3      | Learned a level 4 spell: Sticky Flame
  3096 | D:3      | Reached XP level 5. HP: 28/28 MP: 8/12
  3567 | D:4      | Found a staircase to the Ecumenical Temple.
  3572 | Temple   | Entered the Ecumenical Temple
  3861 | D:4      | Reached skill level 5 in Conjurations
  3861 | D:4      | Reached XP level 6. HP: 32/32 MP: 2/14
  4094 | D:4      | Reached skill level 5 in Fire Magic
  4395 | D:4      | Found a shadowy altar of Dithmenos.
  4443 | D:4      | Reached skill level 5 in Spellcasting
  4672 | D:5      | Entered Level 5 of the Dungeon
  5000 | D:5      | Reached XP level 7. HP: 36/36 MP: 10/17
  5478 | D:5      | Found Siuj's Magic Scroll Emporium.
  5551 | D:5      | Bought a scroll of fog for 28 gold pieces
  5551 | D:5      | Bought a scroll of teleportation for 42 gold pieces
  5551 | D:5      | Bought a scroll of identify for 28 gold pieces
  5551 | D:5      | Bought a scroll of identify for 28 gold pieces
  5551 | D:5      | Bought a scroll of magic mapping for 49 gold pieces
  5957 | D:5      | Learned a level 5 spell: Fireball
  6120 | D:5      | Noticed Edmund
  6132 | D:5      | Killed Edmund
  6132 | D:5      | Reached XP level 8. HP: 41/41 MP: 11/19
  6753 | D:6      | Reached skill level 5 in Dodging
  7114 | D:6      | Got a flickering iron amulet
  8350 | D:6      | Identified the amulet "Imosery" {Inacc rElec} (You found it
                  | on level 6 of the Dungeon)
  8514 | D:7      | Found a radiant altar of Vehumet.
  8527 | D:7      | Engulfed by a cloud of flame

Vault maps used:
D:1:      eino_arrival_druids_welcome, minmay_close_crescents
D:2:      gammafunk_temple_overflow_wave, nicolae_tso_carved_into_rock
D:4:      nicolae_dithmenos_the_darkroom, temple_statues, first_ration
D:5:      cheibrodos_fzero, serial_shops, shop_fountains, uniq_edmund
D:6:      kennysheep_diamond, kennysheep_generic_room_2
D:7:      fiery_altar_vehumet, serial_shops, shop, kennysheep_little_box,
          shop_coins, basic_altar
Temple:   regret_index_temple_waves

Skill      XL: |  1  2  3  4  5  6  7  8 |
---------------+-------------------------+-----
Conjurations   | 2 3 4 5 6 7 |  7.3
Fire Magic     | 4 5 6 7 |  7.5
Spellcasting   | 4 5 6 7 |  7.9
Dodging        | 4 6 |  6.0
Stealth        | |  2.5

Action                   |  1- 3 |  4- 6 |  7- 9 || total
-------------------------+-------+-------+-------++-------
Melee: Unarmed           |     5 |       |       ||     5
       Dagger            |     3 |     7 |       ||    10
       Whip              |     2 |       |       ||     2
       Rapier            |       |     6 |    16 ||    22
Throw: Stone             |    18 |     9 |    33 ||    60
 Cast: Flame Tongue      |    73 |   115 |   120 ||   308
       Conjure Flame     |     3 |    13 |    24 ||    40
       Sticky Flame      |       |     4 |    13 ||    17
Evoke: Wand              |       |       |     2 ||     2
  Use: Scroll            |     7 |     4 |     5 ||    16
 Stab: Sleeping          |     1 |     2 |       ||     3
  Eat: Chunk             |     3 |    11 |     8 ||    22
       Ration            |       |       |     1 ||     1
Armor: Robe              |     6 |     7 |     7 ||    20
Dodge: Dodged            |    24 |    23 |    24 ||    71

Table legend:
 A = Non-vault XP
 B = Vault XP
 C = Vault XP percentage of total XP
 D = Non-vault monster count
 E = Vault monster count
 F = Vault count percentage of total count
                 A         B        C        D         E       F
            +---------+---------+-------+---------+---------+-------
      Total |    1950 |     815 |  29.5 |     126 |      17 |  11.9
            +---------+---------+-------+---------+---------+-------
        D:1 |      43 |       9 |  17.3 |      26 |       3 |  10.3
        D:2 |      45 |       0 |   0.0 |      15 |       0 |   0.0
        D:3 |     108 |       0 |   0.0 |      27 |       0 |   0.0
        D:4 |     387 |       0 |   0.0 |      14 |       0 |   0.0
        D:5 |     384 |     560 |  59.3 |      19 |      12 |  38.7
        D:6 |     981 |     246 |  20.0 |      24 |       2 |   7.7
        D:7 |       2 |       0 |   0.0 |       1 |       0 |   0.0
            +---------+---------+-------+---------+---------+-------
